 Dungeon Crawl Stone Soup version 0.31-a0-1074-g0b22e4e0f1 (webtiles) character file.

Game seed: 2437054200059340767

2134 ytrimaz the Covert (level 9, -3/37 (38) HPs)
             Began as a Felid Shapeshifter on Dec 6, 2023.
             Slain by Duvessa
             ... wielding a +0 short sword
              (15 damage)
             ... on level 7 of the Dungeon.
             The game lasted 00:09:37 (6602 turns).

ytrimaz the Covert (Felid Shapeshifter)             Turns: 6602, Time: 00:09:38

HP:   -3/37 (38)    AC:  2    Str: 16    XL:     9   Next: 9%
MP:   10/10         EV: 25    Int: 11    God:
Gold: 256           SH:  0    Dex: 20    Spells: 8/8 levels left
                                        Lives: 0   Deaths: 3

rFire   . .          .
                       - Unarmed
rCold   + . .        (shield unavailable)
rNeg    . . .        (body armour unavailable)
rPois   .            (helmet unavailable)
rElec   .            (cloak unavailable)
rCorr   .            (gloves unavailable)
SInv    +            (boots unavailable)
Will    +....        (no amulet)
Stlth   ++           j - ring of protection from cold
HPRegen 0.26/turn    o - +6 ring of strength
MPRegen 0.12/turn

%: no passive effects
@: flux-form, glowing, studying Fighting, lightly drained, quick
A: glow, contaminating, very small, claws 1, fangs 3, see invisible, speed 1,
shaggy fur 2, stealthy paws, no weapons or thrown items, no armour, multi-lived
a: Begin Untransformation


You were on level 7 of the Dungeon.
You were something dangerously unstable.
You visited 1 branch of the dungeon, and saw 7 of its levels.
You also visited: Sewer.

You collected 256 gold pieces.


Innate Abilities, Weirdness & Mutations

You are something dangerously unstable.
You glow with magical radiation, making you easy to see and hit.
Foes you strike become dangerously contaminated with magical radiation.
You have sharp claws.
You have razor-sharp teeth.
You have supernaturally acute eyesight. (SInv)
You cover ground quickly. (Speed+)
You are covered in thick fur. (AC +2)
Your paws help you pounce on unaware monsters.
You are incapable of wielding weapons or throwing items.
You cannot wear armour.
You gain extra lives every three experience levels.


   Skills:
 + Level 3.3 Fighting
 + Level 9.7 Dodging
 + Level 9.8 Stealth
 - Level 3.1 Unarmed Combat
 - Level 7.0 Shapeshifting


You had 8 spell levels left.
You didn't know any spells.
Your spell library contained the following spells:

 Spells                   Type           Power      Damage    Failure   Level
 Sting                    Tmut/Pois      0%         1d3       34%         1
 Static Discharge         Conj/Air       0%         3-3/arc   47%         2
 Call Canine Familiar     Summ           0%         N/A       71%         3
 Ozocubu's Armour         Ice            0%         N/A       71%         3
 Sigil of Binding         Hex            0%         N/A       71%         3
 Airstrike                Air            0%         2d(0-16)  98%         4
 Leda's Liquefaction      Hex/Erth       0%         N/A       98%         4
 Petrify                  Tmut/Erth      0%         N/A       98%         4
 Summon Lightning Spire   Summ/Air       0%         N/A       98%         4
 Eringya's Noxious Bog    Tmut/Pois      0%         4d6       100%        6
 Ozocubu's Refrigeration  Ice            0%         4d7       100%        7
 Dimensional Bullseye     Hex/Tloc       Unusable   N/A       N/A         4

Inventory:

Jewellery
 j - a ring of protection from cold (left paw)
   (You found it on level 2 of the Dungeon)
 l - an amulet of faith
   (You found it on level 2 of the Dungeon)
 o - a +6 ring of strength (right paw)
   (You found it on level 3 of the Dungeon)
Talismans
 b - a beast talisman
 c - a flux talisman (active)
Wands
 w - a wand of charming (1) (quivered)
   (You found it on level 5 of the Dungeon)
 x - a wand of mindburst (24)
   (You found it on level 5 of the Dungeon)
Scrolls
 a - 4 scrolls of teleportation
 e - 2 scrolls of vulnerability
 i - 2 scrolls of silence
 m - 3 scrolls of enchant weapon
 q - a scroll of fog
 y - a scroll of immolation {unknown}
Potions
 d - 2 potions of lignification
 f - a potion of attraction
 k - 2 potions of curing
 n - a potion of enlightenment {unknown}
 p - 2 potions of magic {unknown}
 r - 2 potions of cancellation
 s - a potion of might {unknown}
 t - 2 potions of mutation
 u - a potion of degeneration {unknown}
 v - a potion of haste {unknown}
 z - 2 potions of brilliance {unknown}

Dungeon Overview and Level Annotations

Branches:
Dungeon (7/15) Zot: 26507   Sewer (visited)
 Temple: D:4-7

Altars:
Cheibriados
Dithmenos
Fedhas
Hepliaklqana
Ru
Wu Jian
Yredelemnul

Annotations:
D:7 Duvessa

#.....# .
#.....### o
###.....# .
#.###.# #.###.##
#..##..# .
##.###.## (
....####e.##.[# .
........p..##<###
......:###...[..#
....... #.###...#
....f.. #.# #...#
g...... #.##
.#... ..gg...
#..###.####.
g).....
##.......#
....... #<.......
..............#


You could see Duvessa (berserk), a sleepcap and a gnoll.


Message History

Unknown command.
Blink to where?
Press: ? - help, Dir - move target
As you read the scroll of blinking, it crumbles to dust.
The wight closely misses you. 😨 HP[+1] Duvessa rages.
The wight closely misses you.
You climb upwards.
There is a stone staircase leading down here.
Unknown command.
You scratch the wight but do no damage.
The wight shudders as magic cascades through it!!
You destroy the wight! 😨 HP[+1]
You now have 37 max hp (+2).
Things that are here:
a +3 scimitar; a +0 robe Unknown command.
Things that are here:
a +3 scimitar; a +0 robe You start resting. 😎 HP[+21]
Your hp is fully restored (37).
Unknown command.
There is a stone staircase leading down here.
There is a stone staircase leading up, spattered with blood here.
You see here a +2 dagger of speed.
There is a stone staircase leading down, spattered with blood here.
You climb downwards.
Level annotation: Duvessa
There is a stone staircase leading up here.
Aiming: Charm
Press: ? - help, Q - select action, (/) - cycle Shift-Dir - straight line, f - Duvessa
Aim: Duvessa, wielding a +0 short sword and wearing a +0 ring mail (berserk, chance to affect: 31%)
Okay, then.
Aiming: Mindburst
Press: ? - help, Q - select action, (/) - cycle Shift-Dir - straight line, f - Duvessa
Aim: Duvessa, wielding a +0 short sword and wearing a +0 ring mail (berserk, chance to affect: 47%) Duvessa resists with some effort.
Aiming: Charm
Press: ? - help, Q - select action, (/) - cycle Shift-Dir - straight line, f/p - Duvessa
Aim: Duvessa, wielding a +0 short sword and wearing a +0 ring mail (berserk, chance to affect: 31%) Duvessa easily resists.
Duvessa hits you with a +0 short sword!! 😮 HP[-18]
You take 18 damage, and now have 19/37 hp.
MASSIVE DAMAGE!! (PAUSE) Unknown command.
Aiming: Charm
Press: ? - help, Q - select action, (/) - cycle Shift-Dir - straight line, f/p - Duvessa
Aim: Duvessa, wielding a +0 short sword and wearing a +0 ring mail (berserk, chance to affect: 31%) Duvessa easily resists.
Duvessa completely misses you. Duvessa hits you with a +0 short sword!
* * * LOW HITPOINT WARNING * * *
😱 HP[-13]
You take 13 damage, and now have 6/37 hp.
MASSIVE DAMAGE!! (PAUSE)
Aiming: Charm
Press: ? - help, Q - select action, (/) - cycle Shift-Dir - straight line, f/p - Duvessa
Aim: Duvessa, wielding a +0 short sword and wearing a +0 ring mail (berserk, chance to affect: 31%) Duvessa is charmed.
Unknown command.
You swap places. 😱 HP[+1] 😱 HP[+1]
There is a stone staircase leading up here.
Things that are here:
a +0 robe; a +2 heavy falchion What are your orders? t - Meow!
Orders for allies: a - Attack new target. p - Attack previous target. r - Retreat! s - Stop attacking. g - Guard the area. f - Follow me.
Anything else - Cancel.
Guard this area! 😱 HP[+1] 😨 HP[+1]
What are your orders? t - Meow!
Orders for allies: a - Attack new target. p - Attack previous target. r - Retreat! s - Stop attacking. g - Guard the area. f - Follow me.
Anything else - Cancel.
Retreat in which direction?
Press: ? - help, Dir - move target, p - Duvessa Fall back!
Duvessa rages. 😨 HP[+1]
Okay, then.
A sleepcap comes into view.
Duvessa rages. 2 gnolls come into view.
The gnoll shouts!
Duvessa is no longer charmed.
A gnoll comes into view. It is wielding a +0 whip.
A gnoll bouda comes into view.
It is wielding a +0 club. 😨 HP[+1] Duvessa hits you with a +0 short sword!
You die...

Skill      XL: |  1  2  3  4  5  6  7  8  9 |
---------------+----------------------------+-----
Dodging        | 3 4 5 6 7 9 |  9.7
Stealth        | 1 3 4 5 7 9 |  9.8
Shapeshifting  | 4 5 6 7 |  7.0
Fighting       | 2 3 |  3.3
Unarmed Combat | |  3.1

Action                     |  1- 3 |  4- 6 |  7- 9 || total
---------------------------+-------+-------+-------++-------
  Melee: Unarmed           |    78 |   133 |   245 ||   456
         Bite              |     7 |     9 |    37 ||    53
         Punch             |     1 |       |       ||     1
  Evoke: Wand              |       |       |    11 ||    11
    Use: Potion            |     3 |     1 |       ||     4
         Scroll            |     1 |       |     9 ||    10
   Stab: Sleeping          |     2 |     7 |     3 ||    12
 Armour: Skin              |    23 |    46 |    71 ||   140
  Dodge: Dodged            |    37 |   109 |   295 ||   441
   Form: Flux              |       |     1 |       ||     1

Levels and vault maps discovered:
D:1:      minmay_arrival_four_circles, layout_basic, minmay_tromino_v4_c
D:2:      cheibrodos_pilgrimage, layout_rooms, uniq_sigmund
D:3:      minmay_evil_eye, layout_loops_ring, nicolae_ru_path_of_blood,
          fedhas_altar_1, gammafunk_temple_overflow_forgotten,
          gup_sewer_entry_spiral, shapermc_ecumenical_altar_hornbeckon
D:4:      layout_basic, minmay_statues_item, minmay_tree_intersection,
          uniq_crazy_yiuf_cottage
D:5:      layout_loops_corners, uniq_blork_the_orc, uniq_eustachio, uniq_ijyb,
          uniq_grinder
D:6:      layout_layer_cave, mainiacjoe_overflow_24_doors, pf_just_have_faith
D:7:      layout_rooms, temple_hall, uniq_duvessa

Notes
Turn   | Place    | Note
-------+----------+-------------------------------------------
     0 | D:1      | ytrimaz the Felid Shapeshifter began the quest for the Orb.
     0 | D:1      | Reached XP level 1. HP: 9/9 MP: 2/2
     0 | D:1      | magus.rc [v1.9.6]
   218 | D:1      | Reached skill level 3 in Dodging
   218 | D:1      | Reached XP level 2. HP: 12/12 MP: 3/3
   629 | D:2      | Reached skill level 1 in Stealth
   658 | D:2      | Reached XP level 3. HP: 15/15 MP: 4/4
   789 | D:2      | Killed from afar by an orc priest
   835 | D:2      | Noticed Sigmund
   836 | D:2      | Identified a scroll of acquirement
   836 | D:2      | Acquired a manual of Fighting
  1000 | D:2      | Killed Sigmund
  1001 | D:2      | Reached skill level 4 in Dodging
  1001 | D:2      | Reached skill level 3 in Stealth
  1001 | D:2      | Reached skill level 4 in Shapeshifting
  1001 | D:2      | Reached XP level 4. HP: 18/19 MP: 5/5
  1001 | D:2      | Reached XP level 5. HP: 21/22 MP: 6/6
  1165 | D:3      | Reached skill level 5 in Dodging
  1165 | D:3      | Reached skill level 4 in Stealth
  1362 | D:3      | Slain by a river rat
  1468 | D:3      | You add the spells Sting, Petrify and Eringya's Noxious Bog
                  | to your library.
  1468 | D:3      | Got Virpheer's Papyrus of Amorphous Toxins
  1481 | D:3      | Gained mutation: You are covered in thick fur. (AC +2)
                  | [Felid growth]
  1481 | D:3      | Reached XP level 6. HP: 25/25 MP: 7/7
  1569 | D:3      | You add the spells Ozocubu's Armour and Ozocubu's
                  | Refrigeration to your library.
  1727 | D:3      | Found a glowing drain.
  1731 | Sewer    | Entered a sewer
  1846 | Sewer    | Noticed Pargi
  1879 | Sewer    | Killed Pargi
  1880 | Sewer    | Reached skill level 5 in Stealth
  1880 | Sewer    | Reached skill level 5 in Shapeshifting
  2053 | D:3      | Found a blossoming altar of Fedhas.
  2075 | D:3      | You pick up a book of Storms and begin reading...
  2075 | D:3      | You add the spells Static Discharge, Airstrike and Summon
                  | Lightning Spire to your library.
  2192 | D:3      | Found a sacrificial altar of Ru.
  2403 | D:3      | Found a shadowy altar of Dithmenos.
  2403 | D:3      | Found a hazy altar of Hepliaklqana.
  2403 | D:3      | Found an ornate altar of the Wu Jian Council.
  2455 | D:3      | Found a faded altar of an unknown god.
  2533 | D:4      | Reached skill level 6 in Dodging
  3368 | D:5      | Entered Level 5 of the Dungeon
  3374 | D:5      | Noticed Blork the orc
  3378 | D:5      | Reached XP level 7. HP: 23/28 MP: 8/8
  3514 | D:5      | Noticed Grinder
  3518 | D:5      | Paralysed by Grinder for 4 turns
  3520 | D:5      | HP: 4/24 [Grinder (7)]
  3520 | D:5      | Slain by Grinder
  3522 | D:5      | Noticed Eustachio
  3549 | D:5      | Killed Eustachio
  3550 | D:5      | Reached skill level 6 in Stealth
  3550 | D:5      | Reached skill level 6 in Shapeshifting
  3686 | D:5      | Noticed Ijyb
  3701 | D:5      | Killed Ijyb
  3835 | D:5      | You pick up a book of the Hunter and begin reading...
  3835 | D:5      | You add the spells Sigil of Binding, Call Canine Familiar
                  | and Leda's Liquefaction to your library.
  3883 | D:5      | HP: 3/26 [Blork the orc/+0 dire flail (15)]
  3885 | D:5      | Killed Blork the orc
  3886 | D:5      | Reached skill level 7 in Dodging
  4233 | D:5      | Killed Grinder
  4234 | D:5      | Reached skill level 7 in Stealth
  4234 | D:5      | Reached XP level 8. HP: 21/32 MP: 9/9
  4601 | D:6      | Reached skill level 7 in Shapeshifting
  4800 | D:5      | Reached skill level 8 in Dodging
  4801 | D:5      | HP: 5/32 [orc/+0 long sword (7)]
  4981 | D:6      | Reached skill level 8 in Stealth
  5200 | D:6      | Found a snail-covered altar of Cheibriados.
  5329 | D:6      | Found a basalt altar of Yredelemnul.
  5491 | D:6      | Reached skill level 9 in Dodging
  5491 | D:6      | Reached skill level 9 in Stealth
  5983 | D:6      | Identified the +5 trident of Brawling {holy, Str-3 Dex+6}
  6058 | D:7      | Noticed Duvessa
  6058 | D:7      | Noticed Dowan
  6143 | D:7      | Killed Dowan
  6149 | D:6      | Reached skill level 2 in Fighting
  6259 | D:6      | Reached XP level 9. HP: 19/37 MP: 10/10
  6425 | D:7      | Reached skill level 3 in Fighting
  6573 | D:7      | HP: 6/37 [Duvessa/+0 short sword (14)]
  6602 | D:7      | Slain by Duvessa

Vanquished Creatures
  Grinder (D:5)
  Sigmund (D:2)
  Eustachio (D:5)
  Pargi (Sewer)
  2 ogres
  2 phantoms (D:6)
  Blork the orc (D:5)
  A kobold brigand (D:6)
  2 scorpions
  5 wights
  Dowan (D:7)
  An orc priest (D:6)
  4 hounds
  A jelly (D:4)
  Ijyb (D:5)
  4 iguanas
  2 orc wizards
  2 sleepcaps
  12 adders
  2 river rats (D:3)
  6 ufetubi
  3 worms
  A dart slug (D:1)
  22 orcs
  5 endoplasms
  4 giant cockroaches
  4 goblins
  4 hobgoblins
  2 jackals (D:3)
  8 kobolds
  3 quokkas
  5 ball pythons
  6 bats
  8 frilled lizards
  3 rats
131 creatures vanquished.

Table legend:
 A = Non-vault XP
 B = Vault XP
 C = Vault XP percentage of total XP
 D = Non-vault monster count
 E = Vault monster count
 F = Vault count percentage of total count
                 A         B        C        D         E       F
            +---------+---------+-------+---------+---------+-------
      Total |    1912 |    1137 |  37.3 |     103 |      28 |  21.4
            +---------+---------+-------+---------+---------+-------
        D:1 |      22 |       0 |   0.0 |      11 |       0 |   0.0
        D:2 |      34 |     237 |  87.5 |      15 |       3 |  16.7
        D:3 |      95 |      59 |  38.3 |      13 |      10 |  43.5
        D:4 |     105 |       0 |   0.0 |       9 |       0 |   0.0
        D:5 |     442 |     597 |  57.5 |      17 |       4 |  19.0
        D:6 |    1103 |       0 |   0.0 |      36 |       0 |   0.0
        D:7 |     111 |      69 |  38.3 |       2 |       1 |  33.3
      Sewer |       0 |     175 | 100.0 |       0 |      10 | 100.0
            +---------+---------+-------+---------+---------+-------

Skill      XL: |  1  2  3  4  5  6  7  8  9 |
---------------+----------------------------+-----
Dodging        | 3 4 5 6 7 9 |  9.7
Stealth        | 1 3 4 5 7 9 |  9.8
Shapeshifting  | 4 5 6 7 |  7.0
Fighting       | 2 3 |  3.3
Unarmed Combat | |  3.1

Action                     |  1- 3 |  4- 6 |  7- 9 || total
---------------------------+-------+-------+-------++-------
  Melee: Unarmed           |    78 |   133 |   245 ||   456
         Bite              |     7 |     9 |    37 ||    53
         Punch             |     1 |       |       ||     1
  Evoke: Wand              |       |       |    11 ||    11
    Use: Potion            |     3 |     1 |       ||     4
         Scroll            |     1 |       |     9 ||    10
   Stab: Sleeping          |     2 |     7 |     3 ||    12
 Armour: Skin              |    23 |    46 |    71 ||   140
  Dodge: Dodged            |    37 |   109 |   295 ||   441
   Form: Flux              |       |     1 |       ||     1

Illustrated notes

Table legend:
 A = Kills in this place as a percentage of kills in the entire game.
 B = Kills by you in this place as a percentage of kills by you in the entire game.
 C = Kills by friends in this place as a percentage of kills by friends in the entire game.
 D = Other kills in this place as a percentage of other kills in the entire game.
 E = Experience gained in this place as a percentage of experience gained in the entire game.
 F = Experience gained in this place divided by the number of levels of this place that you have seen.
                   A       B       C       D       E      F
               +-------+-------+-------+-------+-------+----------------------
         Total | 100.0 | 100.0 |   N/A |   N/A | 100.0 | 381.1
       Dungeon |  92.4 |  92.4 |   N/A |   N/A |  94.3 | 410.6
         Sewer |   7.6 |   7.6 |   N/A |   N/A |   5.7 | 175.0
               +-------+-------+-------+-------+-------+----------------------

Table legend: (Time is in decaauts)
 A = Elapsed time spent in this place.
 B = Non-inter-level travel time spent in this place.
 C = Inter-level travel time spent in this place.
 D = Time resting spent in this place.
 E = Time spent auto-exploring this place.
 F = Levels seen in this place.
 G = Mean time per level.
                   A        B        C        D        E       F      G
               +--------+--------+--------+--------+--------+-----+--------+
         Total |   5689 |   5223 |    466 |    210 |   3737 |   8 |  711.1 |
       Dungeon |   5462 |   4996 |    466 |    210 |   3650 |   7 |  780.3 |
         Sewer |    227 |    227 |      0 |      0 |     87 |   1 |  227.0 |
               +--------+--------+--------+--------+--------+-----+--------+

Top non-repeatable levels by time:
     D:6: 1368 daAuts
     D:5: 1328 daAuts
     D:3: 1001 daAuts
     D:4: 732 daAuts
     D:1: 498 daAuts
     D:2: 456 daAuts
   Sewer: 227 daAuts
     D:7: 77 daAuts
